 Dungeon Crawl Stone Soup version 0.13-a0-2060-gccfd96d (webtiles) character file.

648 M4edhros the Sneak (level 7, -8/44 HPs)
             Began as an Octopode Artificer on June 26, 2013.
             Was a Follower of Okawaru.
             Mangled by an ogre
             ... wielding a +0,+0 giant spiked club
              (31 damage)
             ... on Level 4 of the Dungeon.
             The game lasted 00:05:06 (4226 turns).

M4edhros the Sneak (Octopode Artificer)             Turns: 4226, Time: 00:05:06

HP  -8/44        AC  1     Str 11      XL: 7   Next:  0%
MP  10/10        EV 14     Int 16      God: Okawaru [*.....]
Gold 214         SH  0     Dex 12      Spells:  2 memorised,  4 levels left

Res.Fire  : . . .   See Invis. : .   A - +0,+6 sabre
Res.Cold  : + . .   Warding    : .   (no shield)
Life Prot.: . . .   Conserve   : .   (helmet restricted)
Res.Poison: .       Res.Corr.  : .   (no amulet)
Res.Elec. : .       Clarity    : .   g - ring of protection from cold {unknown}
Sust.Abil.: . .     Spirit.Shd : .   (no ring)
Res.Mut.  : .       Stasis     : .   (no ring)
Res.Rott. : .       Flight     : .   (no ring)
Saprovore : . . .                    (no ring)
                                     (no ring)
                                     (no ring)
                                     (no ring)

@: slightly resistant to hostile enchantments, very stealthy
A: almost no armour, amphibious, 8 rings, constrict 8, camouflage 1, AC +1
a: Heroism, Renounce Religion


You were on level 4 of the Dungeon.
You worshipped Okawaru.
Okawaru was most pleased with you.
You were hungry.

You visited 1 branch of the dungeon, and saw 4 of its levels.

You collected 194 gold pieces.

Inventory:

Hand weapons
 a - a +0,+0 short sword
 t - a +1,+0 sling
 y - a +0,+0 sling
 A - a +0,+6 sabre (weapon)
 F - a cursed -2 orcish blowgun
Missiles
 u - 40 stones (quivered)
 G - 3 poisoned needles
Magical devices
 b - a wand of flame (3)
 c - a wand of enslavement (11)
 d - a wand of random effects (15)
Comestibles
 f - 3 bread rations
 w - a choko
 I - a cheese
Scrolls
 e - 6 scrolls of remove curse {unknown}
 h - 2 scrolls of teleportation {unknown}
 i - 3 scrolls of identify {unknown}
 k - a scroll of curse armour {unknown}
 n - a scroll of magic mapping {unknown}
 o - a scroll of amnesia {unknown}
 q - a scroll of enchant weapon II {unknown}
 r - a scroll of noise {unknown}
 B - a scroll of blinking {unknown}
 C - a scroll of random uselessness {unknown}
Jewellery
 g - a ring of protection from cold (left tentacle) {unknown}
 j - a cursed -3 ring of protection {unknown}
 E - an uncursed ring of wizardry {unknown}
Potions
 l - 2 potions of degeneration {unknown}
 m - a potion of might {unknown}
 s - 4 potions of poison {unknown}
 v - a potion of coagulated blood
 x - 2 potions of slowing {unknown}
 z - a potion of heal wounds {unknown}
 H - a potion of curing
Books
 p - a book of Cantrips

   Spells                             Type                      Level
   Confusing Touch                    Hexes                        1
   *Animate Skeleton                  Necromancy                   1
   *Summon Small Mammal               Summoning                    1
   Apportation                        Translocation                1


   Skills:
 - Level 1.0 Fighting
 - Level 1.0 Short Blades
 + Level 5.4 Dodging
 + Level 6.9 Stealth
 - Level 2.1 Traps
 - Level 3.2 Evocations


You had 4 spell levels left.
You knew the following spells:

 Your Spells              Type           Power        Failure   Level  Hunger
a - Summon Small Mammal   Summ           #...         24%         1    ##.....
b - Animate Skeleton      Necr           N/A          24%         1    ##.....


Dungeon Overview and Level Annotations

Branches:
Dungeon (4/27)
 Temple: D:4-7

Altars:
Kikubaaqudgha
Nemelex Xobeh
Okawaru


Innate Abilities, Weirdness & Mutations

You cannot wear most types of armour.
You are amphibious.
You can wear up to eight rings at the same time.
You can use your tentacles to constrict many enemies at once.
Your skin changes colour to match your surroundings (Stlth).
Your rubbery body absorbs attacks (AC +1).


Message History

The ogre is lightly wounded.
This wand has 5 charges left.
Evoke which item? (* to show all) (? for menu, Esc to quit)
Zapping:
b - a wand of flame (5)
Press: ? - help, Shift-Dir - straight line, f/p - ogre
Aim: an ogre, wielding a giant spiked club (lightly wounded)
The puff of flame hits the ogre.
The ogre is moderately wounded.
This wand has 4 charges left.
The ogre hits you with a giant spiked club!
Evoke which item? (* to show all) (? for menu, Esc to quit)
Zapping:
b - a wand of flame (4)
Press: ? - help, Shift-Dir - straight line, f/p - ogre
Aim: an ogre, wielding a giant spiked club (moderately wounded)
The puff of flame hits the ogre.
The ogre is moderately wounded.
This wand has 3 charges left.
The ogre hits you with a giant spiked club!
Ouch! That really hurt!
You die...

###...##.....#.##...
#......##....#.#....
#.......####.#.#...#
#...#....###########
##....#..####...###.
#.....#.(###....###.
#....##..###(...###.
#...###..##..#...#..
###@####..#..##.....
#O...##....###...#
#....###...###...#
####....#)#######...#
#...>####.# #.#######
#.....# #.# #.#.#
#.....# #.###.#.##
###...# #(.......#
##.## ###......#


You could see an ogre.

Vanquished Creatures
  A phantom (D:4)
  An ogre (D:4)
  A giant frog (D:3)
  An iguana (D:4)
  An orc wizard (D:3)
  A worker ant (D:3)
  A scorpion (D:4)
  An adder (D:4)
  2 gnolls (D:3)
  A worm (D:4)
  A giant eyeball (D:4)
  A giant gecko (D:3)
  2 oozes
  6 orcs
  2 giant cockroaches
  8 goblins
  7 hobgoblins
  2 quokkas
  3 ball pythons
  11 bats
  6 giant newts
  4 jackals
  13 kobolds
  13 rats
90 creatures vanquished.

Vanquished Creatures (collateral kills)
  A gnoll (D:3)
1 creature vanquished.

Vanquished Creatures (others)
  A giant newt (D:4)
  A goblin (D:2)
2 creatures vanquished.

Grand Total: 93 creatures vanquished

Notes
Turn   | Place    | Note
--------------------------------------------------------------
     0 | D:1      | M4edhros, the Octopode Artificer, began the quest for the Orb.
     0 | D:1      | Reached XP level 1. HP: 14/14 MP: 1/1
   227 | D:1      | Reached XP level 2. HP: 16/19 MP: 3/3
  1327 | D:2      | Reached XP level 3. HP: 8/24 MP: 4/4
  2066 | D:3      | Found an ancient bone altar of Kikubaaqudgha.
  2066 | D:3      | Found an iron altar of Okawaru.
  2160 | D:3      | Became a worshipper of Warmaster Okawaru
  2204 | D:3      | Reached skill level 4 in Stealth
  2204 | D:3      | Reached XP level 4. HP: 3/29 MP: 6/6
  2560 | D:3      | Noticed a giant frog
  3093 | D:3      | Killed a giant frog
  3093 | D:3      | Reached skill level 5 in Stealth
  3093 | D:3      | Reached XP level 5. HP: 9/34 MP: 7/7
  3268 | D:3      | Acquired Okawaru's first power
  3315 | D:4      | Learned a level 1 spell: Summon Small Mammal
  3317 | D:4      | Learned a level 1 spell: Animate Skeleton
  3581 | D:4      | Noticed a phantom
  3599 | D:4      | HP: 1/34 [phantom (4)]
  3600 | D:4      | Killed a phantom
  3600 | D:4      | Reached skill level 5 in Dodging
  3600 | D:4      | Reached skill level 6 in Stealth
  3600 | D:4      | Reached XP level 6. HP: 1/39 MP: 9/9
  4042 | D:4      | Noticed an ogre
  4057 | D:4      | Killed an ogre
  4154 | D:4      | Found a sparkling altar of Nemelex Xobeh.
  4192 | D:4      | Reached XP level 7. HP: 44/44 MP: 10/10
  4226 | D:4      | Mangled by an ogre

Action                   |  1- 3 |  4- 6 |  7- 9 || total
-------------------------+-------+-------+-------++-------
Melee: Short sword       |   105 |    40 |       ||   145
       Sabre             |       |    44 |     2 ||    46
Evoke: Wand              |       |    13 |     3 ||    16
  Use: Potion            |     1 |     1 |       ||     2
 Stab: Sleeping          |    12 |    10 |       ||    22
       Distracted        |       |     2 |       ||     2
